 Dungeon Crawl Stone Soup version 0.27.0-1-g7a089689b8 (webtiles) character file.

Game seed: 10593689873469053396

401 Sin92 the Chopper (level 6, -9/48 HPs)
             Began as a Demonspawn Fighter on Aug 15, 2021.
             Mangled by an ogre (28 damage)
             ... on level 6 of the Dungeon.
             The game lasted 00:02:21 (2394 turns).

Sin92 the Chopper (Demonspawn Fighter)              Turns: 2394, Time: 00:02:22

Health: -9/48      AC:  9    Str: 16    XL:     6   Next: 54%
Magic:  6/6        EV:  5    Int:  9    God:
Gold:   92         SH:  9    Dex: 15    Spells: 5/5 levels left

rFire    . . .     SeeInvis .   a - +0 war axe
rCold    . . .     Faith    .   c - +0 kite shield
rNeg     . . .     Spirit   .   h - +0 chain mail
rPois    .         Reflect  .   (no helmet)
rElec    .         Harm     .   (no cloak)
rCorr    .         Rampage  .   (no gloves)
Will     .....                  (no boots)
Stlth    ..........             (no amulet)
HPRegen  0.16/turn              (no ring)
MPRegen  0.10/turn              (no ring)

@: no status effects
A: hooves 1, spiny 2
a: no special abilities


You were on level 6 of the Dungeon.
You visited 1 branch of the dungeon, and saw 4 of its levels.

You collected 92 gold pieces.

Inventory:

Hand Weapons
 a - a +0 war axe (weapon)
Armour
 b - a +0 scale mail
 c - a +0 kite shield (worn)
 h - a +0 chain mail (worn)
Jewellery
 g - an amulet of guardian spirit
Scrolls
 j - a scroll of immolation
 o - a scroll of blinking
Potions
 d - a potion of might
 k - a potion of degeneration {unknown}
 l - 3 potions of curing {unknown}
 m - a potion of brilliance {unknown}
 n - a potion of lignification {unknown}


   Skills:
 + Level 3.9 Fighting
 * Level 4.0 Axes
 + Level 3.6 Armour
 + Level 2.2 Dodging
 + Level 3.7 Shields


You had 5 spell levels left.
You didn't know any spells.
Your spell library contained the following spells:

 Spells                   Type           Power      Damage    Failure   Level
 Ozocubu's Armour         Ice            0%         N/A       100%        3
 Metabolic Englaciation   Hex/Ice        0%         N/A       100%        5
 Simulacrum               Ice/Necr       0%         N/A       100%        6


Dungeon Overview and Level Annotations

Branches:
Dungeon (3/15)

Altars:
Ashenzari
Elyvilon
Kikubaaqudgha
Yredelemnul
The Shining One

Annotations:
D:6 shoop's ghost, novice KoEE


Innate Abilities, Weirdness & Mutations

You have large cloven feet.
You are mostly covered in sharp spines.


Message History

Shoop's ghost hits you but does no damage.
You hit shoop's ghost but do no damage. Your kick misses shoop's ghost.
Shoop's ghost is moderately damaged.
Shoop's ghost is struck by your spines. Shoop's ghost hits you.
As you read the scroll labelled ZEMALI ZUNKOA, it crumbles to dust.
You assume a fearsome visage.
Shoop's ghost is unaffected.
It was a scroll of fear.
Shoop's ghost is struck by your spines.
Shoop's ghost hits you but does no damage.
As you read the scroll labelled KIETWA WISAPPEIRAU, it crumbles to dust.
You hear a loud clanging noise!
It was a scroll of noise.
Shoop's ghost casts a spell at you. The blast of sand hits you!
Unknown command.
As you read the scroll labelled ICHEOMAORU, it crumbles to dust.
It is a scroll of identify.
j - a scroll of immolation You block shoop's ghost's attack.
As you read the scroll of identify, it crumbles to dust.
o - a scroll of blinking Shoop's ghost points at you and mumbles some strange words.
The blast of sand hits you but does no damage.
Shoop's ghost shrieks, "What do you have that I didn't have?"
Shoop's ghost casts a spell at you.
The blast of sand hits you but does no damage.
Shoop's ghost gestures at you while chanting.
The blast of sand hits you.
Shoop's ghost gestures at you while chanting.
You block the blast of sand.
A howler monkey zombie comes into view.
The howler monkey zombie is struck by your spines.
The howler monkey zombie hits you but does no damage.
Found a chain mail.
Why would you want to do that?
An ogre comes into view. It is wielding a +0 giant spiked club.
Found 13 bolts.
Found an ancient bone altar of Kikubaaqudgha and a broken altar of Ashenzari.
The ogre hits you with a +0 giant spiked club!!
Ouch! That really hurt!
You die...

###......# ###
#..._8_.(
....###.......
...............
..≈≈.≈≈.......###
≈..≈.≈..≈.......###
≈≈.....≈≈....[.O@.+
...._.......W.Z.###
≈≈.....≈≈...#####
≈[.≈.≈..≈...+
..≈≈.≈≈.....#
............#
###.............
#....##.......
###....##........


You could see an ogre, shoop's ghost and a howler monkey zombie.

Vanquished Creatures
  An ice beast (D:6)
  A black bear (D:2)
  A crimson imp (D:3)
  Natasha (D:3)
  3 orc wizards (D:3)
  2 adders
  4 dart slugs
  6 orcs (D:3)
  2 endoplasms
  4 giant cockroaches
  4 goblins
  2 hobgoblins
  7 jackals
  A kobold (D:1)
  2 quokkas
  2 ball pythons
  6 bats
  2 frilled lizards
  A goblin zombie (D:3)
  4 hobgoblin zombies (D:3)
  A kobold skeleton (D:3)
  A kobold zombie (D:3)
  An orc skeleton (D:3)
  An orc zombie (D:3)
  2 rats
62 creatures vanquished.

Notes
Turn   | Place    | Note
-------+----------+-------------------------------------------
     0 | D:1      | Sin92 the Demonspawn Fighter began the quest for the Orb.
     0 | D:1      | Reached XP level 1. HP: 18/18 MP: 1/1
    53 | D:1      | Found a faded altar of an unknown god.
   371 | D:1      | Reached skill level 2 in Axes
   371 | D:1      | Gained mutation: You have large cloven feet. [demonic
                  | ancestry]
   371 | D:1      | Reached XP level 2. HP: 24/24 MP: 2/2
   494 | D:1      | Identified the +7 hunting sling of Strategic Superiority
                  | {vorpal, Stlth+}
  1066 | D:2      | Reached skill level 1 in Dodging
  1066 | D:2      | Gained mutation: You are partially covered in sharp spines.
                  | [demonic ancestry]
  1066 | D:2      | Reached XP level 3. HP: 17/29 MP: 3/3
  1416 | D:2      | Noticed a black bear
  1423 | D:2      | Killed a black bear
  1424 | D:2      | Reached skill level 3 in Axes
  1424 | D:2      | Reached XP level 4. HP: 24/35 MP: 4/4
  1645 | D:3      | Gained mutation: You are mostly covered in sharp spines.
                  | [demonic ancestry]
  1645 | D:3      | Reached XP level 5. HP: 41/41 MP: 5/5
  1740 | D:3      | Found a basalt altar of Yredelemnul.
  1778 | D:3      | Reached XP level 6. HP: 21/48 MP: 6/6
  2060 | D:3      | Noticed Natasha
  2069 | D:3      | Killed Natasha
  2314 | D:3      | You fall into a shaft and drop 3 floors!
  2315 | D:6      | Noticed an ice beast
  2327 | D:6      | Killed an ice beast
  2328 | D:6      | Reached skill level 4 in Axes
  2349 | D:6      | Found a large runed translucent door.
  2349 | D:6      | Found a large runed translucent door.
  2353 | D:6      | Noticed shoop's ghost (novice KoEE)
  2388 | D:6      | Found an ancient bone altar of Kikubaaqudgha.
  2388 | D:6      | Found a broken altar of Ashenzari.
  2394 | D:6      | Mangled by an ogre

Illustrated notes

Levels and vault maps discovered:
D:1:      minmay_arrival_up_and_down, layout_loops_ring,
          shapermc_ecumenical_altar_notcrosses, minmay_strange_pillars,
          minivault_5
D:2:      layout_basic, minmay_tetromino_s2
D:3:      layout_basic, lemuel_crystal_altar, nicolae_tso_besieged_by_evil,
          uniq_natasha
D:6:      layout_basic, nicolae_ru_path_of_blood,
          mainiacjoe_overflow_small_starburst,
          chequers_temple_overflow_statue_of_worship,
          ebering_ghost_disaster_area

Skill      XL: |  1  2  3  4  5  6 |
---------------+-------------------+-----
Axes           | 2 3 4 |  4.0
Dodging        | 1 2 |  2.2
Shields        | 3 |  3.7
Armour         | 3 |  3.6
Fighting       | |  3.9

Action                   |  1- 3 |  4- 6 || total
-------------------------+-------+-------++-------
Melee: War axe           |    61 |    64 ||   125
       Kick              |    12 |    19 ||    31
  Use: Scroll            |       |     4 ||     4
Armor: Scale mail        |    21 |       ||    21
       Chain mail        |    21 |    45 ||    66
Dodge: Dodged            |    17 |     8 ||    25
Block: Kite shield       |    37 |    37 ||    74
